 Dungeon Crawl Stone Soup version 0.27.0-1-g7a089689b8 (webtiles) character file.

Game seed: 5449759651333764569

79 sanka the Shield-Bearer (level 4, -16/35 HPs)
             Began as a Djinni Fighter on Aug 5, 2021.
             Killed from afar by a hobgoblin (18 damage)
             ... with a bolt of acid
             ... on level 3 of the Dungeon.
             The game lasted 00:03:12 (2230 turns).

sanka the Shield-Bearer (Djinni Fighter)            Turns: 2230, Time: 00:03:13

Health: -16/35     AC:  2    Str: 15    XL:     4   Next: 64%
Gold:   77         EV:  6    Int: 10    God:
                   SH:  8    Dex: 13

rFire    + + .     SeeInvis .   a - +0 long sword
rCold    x . .     Faith    .   c - +0 kite shield
rNeg     . . .     Spirit   .   b - +0 scale mail
rPois    ∞         Reflect  .   (no helmet)
rElec    .         Harm     .   (no cloak)
rCorr    .         Rampage  .   (no gloves)
Will     .....                  (boots unavailable)
Stlth    ..........             (no amulet)
HPRegen  0.11/turn              (no ring)
MPRegen  0.00/turn              (no ring)

@: corroded, flying
A: sickness immunity, fire resistance 2, cold vulnerability 1, float, innate
caster, hp casting, extra vitality 1
a: no special abilities


You were on level 3 of the Dungeon.
You visited 1 branch of the dungeon, and saw 3 of its levels.

You collected 77 gold pieces.


Innate Abilities, Weirdness & Mutations

You are immune to sickness and miasma.
You are immune to poison.
Your flesh is very heat resistant. (rF++)
You are vulnerable to cold. (rC-)
You float through the air rather than walking.
You learn spells naturally, not from books.
Your magical power is your life essence.
You have superior vitality. (+4 HP)


   Skills:
 - Level 3.0 Fighting
 - Level 2.0 Long Blades
 - Level 3.0 Armour
 - Level 3.0 Shields
 + Level 2.8 Spellcasting


You had 7 spell levels left.
You knew the following spells:

 Your Spells              Type           Power      Damage    Failure   Level
e - Apportation           Tloc           14%        N/A       85%         1
Your spell library was empty.

Inventory:

Hand Weapons
 a - a +0 long sword (weapon)
Armour
 b - a +0 scale mail (worn)
 c - a +0 kite shield (worn)
 k - a +0 pair of gloves
Scrolls
 e - a scroll of vulnerability {unknown}
 f - a scroll of magic mapping {unknown}
 i - 4 scrolls of identify {unknown}
 l - a scroll of immolation {unknown}
 o - 2 scrolls of teleportation {unknown}
 p - a scroll of noise {unknown}
Potions
 d - a potion of might
 g - a potion of curing {unknown}
 h - a potion of lignification {unknown}
 j - a potion of ambrosia {unknown}
 m - 2 potions of attraction {unknown}
 n - a potion of heal wounds {unknown}

Dungeon Overview and Level Annotations

Branches:
Dungeon (3/15)

Altars:

Shops:
D:1 [   D:3 !

Annotations:
D:2 Sigmund

▒.▒ ▒.▒ ▒.........▒▒.8.⌠.8.. ▒.▒
▒.▒ ▒..........÷........ ▒.▒
▒.▒▒▒▒▒▒................... ▒.▒
▒.......................... ▒.▒
▒▒▒▒▒▒▒▒......g............ ▒.▒
▒...................... ▒.▒
▒.▒▒▒▒.▒≈≈≈▒▒▒▒▒▒▒▒▒▒.. ▒.▒
▒.▒▒▒▒.≈≈≈≈≈...........
▒.▒▒▒▒▒▒▒▒▒.....R≈≈∩≈≈▒▒▒▒▒▒▒▒▒▒▒
▒................≈≈.≈≈..... .
▒▒▒▒▒▒.▒.....▒▒▒▒▒≈.≈▒▒▒▒▒▒ .
▒.▒.▒▒▒.▒ ▒▒..▒ ▒▒▒▒▒▒▒.. ▒.▒.▒
▒.▒ ▒▒.▒▒▒▒........
▒.▒.▒▒▒.▒▒▒▒▒▒▒.▒.....▒▒▒▒..
▒>..........................
▒▒▒.▒▒▒.........▒.....▒▒▒▒.▒
▒▒▒▒.▒ ▒▒▒▒▒▒▒▒▒▒▒▒▒▒'▒▒ ▒


You could see a hobgoblin.


Message History

a +0 dagger; 5 poisoned darts; a kobold corpse
m - 2 inky potions (gained 1)
A rat comes into view.
You block the rat's attack.
You hit the rat.
You kill the rat!
No target in view!
No target in view!
Found a scroll labelled QUOLEO CACIYM.
Found 11 gold pieces.
You now have 77 gold pieces (gained 11).
p - a scroll labelled QUOLEO CACIYM A hobgoblin comes into view.
It is wielding a +0 spear and carrying a wand of acid (5).
The hobgoblin shouts!
A hobgoblin is nearby!
A hobgoblin is nearby!
The hobgoblin zaps a wand.
The bolt of acid hits you!!
Ouch! That really hurt!
* * * LOW HITPOINT WARNING * * *
The acid corrodes you!
You are splashed with acid!
* * * LOW HITPOINT WARNING * * *
You aren't carrying any items that you can evoke.
Unknown command.
Okay, then.
The hobgoblin zaps a wand.
The bolt of acid hits you!!
Ouch! That really hurt!
You die...

Action                   |  1- 3 |  4- 6 || total
-------------------------+-------+-------++-------
Melee: Long sword        |    98 |    44 ||   142
Armor: Scale mail        |    57 |    26 ||    83
Dodge: Dodged            |    34 |    14 ||    48
Block: Kite shield       |    58 |    18 ||    76
       Rpst.: Long sword |     8 |     3 ||    11

Levels and vault maps discovered:
D:1:      dpeg_arrival_arbitrary_c, layout_rooms, serial_shops, shop,
          kennysheep_doodads, serial_park_tiny_2
D:2:      layout_rooms, uniq_sigmund
D:3:      layout_basic, hellmonk_ecumenical_altar_dog_temple, serial_shops,
          nicolae_shop_waterfront, minmay_fractal_squares_diagonal_5

Notes
Turn   | Place    | Note
-------+----------+-------------------------------------------
     0 | D:1      | sanka the Djinni Fighter began the quest for the Orb.
     0 | D:1      | Reached XP level 1. HP: 20/20 MP: 0/0
    71 | D:1      | Reached skill level 2 in Long Blades
   181 | D:2      | Reached XP level 2. HP: 24/25 MP: 0/0
   185 | D:2      | Reached skill level 1 in Spellcasting
   378 | D:1      | Found Kurodi's Armour Shoppe.
   397 | D:1      | You are sucked into a shaft and drop 1 floor!
   630 | D:1      | Reached XP level 3. HP: 24/30 MP: 0/0
   630 | D:1      | Learned a level 1 spell: Apportation
   893 | D:1      | Reached skill level 2 in Spellcasting
  1377 | D:2      | Reached XP level 4. HP: 35/35 MP: 0/0
  1465 | D:2      | Noticed Sigmund
  1970 | D:3      | Found a faded altar of an unknown god.
  2039 | D:3      | Found Perujy's Distillery.
  2229 | D:3      | HP: 2/35 [acid (14)]
  2230 | D:3      | Killed from afar by a hobgoblin

Vanquished Creatures
  An adder (D:2)
  A gnoll (D:1)
  A worm (D:3)
  4 dart slugs
  5 bats
  6 endoplasms
  3 giant cockroaches
  A hobgoblin (D:1)
  3 jackals (D:3)
  2 quokkas
  7 ball pythons
  2 frilled lizards
  3 goblins
  8 kobolds
  2 rats
49 creatures vanquished.
